Map: Ascension to Aiur LE

Players

TheDctr

  • Race: Zerg Zerg
  • League: Platinum
  • Spawn Location: 5:00

Juxtapose - Winner!

  • Race: Terran Terran
  • League: Gold
  • Spawn Location: 11:00

VOD

https://youtu.be/aEa6iVovDzo

Description

Instead of going for Hellions, I tried going directly for Siege Tanks, and attempted a classic Marine and Siege Tank push.

Time

  • Played on: Dec. 28, 2017, 1:26 p.m.
  • Length: 6:59
Show
View Real Time Build Order
Export as new Build Order

TheDctr Zerg 

Build Orders: Hatch First 

Get SALT Encoding   

  12  0:01  Drone  
  13  0:13  Overlord  
  13  0:17  Drone  
  14  0:32  Drone x2  
  14  0:35  Drone  
  17  0:56  Hatchery  
  17  0:57  Drone  
  17  1:00  Extractor  
  17  1:03  Drone  
  17  1:17  Spawning Pool  
  16  1:24  Overlord  
  16  1:29  Drone  
  16  1:32  Drone  
  18  1:41  Drone  
  19  2:06  Metabolic Boost  
  19  2:07  Zergling x4  
  21  2:11  Drone  
  21  2:13  Queen  
  24  2:15  Queen  
  24  2:18  Drone  
  24  2:21  Drone  
  28  2:28  Drone  
  29  2:39  Drone x2  
  29  2:43  Drone  
  32  2:46  Drone  
  33  2:51  Overlord  
  33  2:58  Overlord  
  33  3:16  Baneling Nest  
  33  3:17  Queen  
  36  3:24  Drone x3  
  36  3:25  Drone x2  
  39  3:34  Drone x2  
  39  3:35  Drone x2  
  39  3:40  Hatchery  
  41  3:43  Zergling x4  
  41  3:44  Overlord  
  43  3:51  Lair  
  43  3:57  Overlord x2  
  43  4:10  Overlord x4  
  43  4:21  Drone x2  
  43  4:22  Drone x2  
  47  4:30  Drone x2  
  49  4:35  Drone  
  50  4:44  Drone x2, Evolution Chamber  
  51  4:45  Drone  
  51  4:46  Drone x2, Evolution Chamber  
  51  4:47  Extractor  
  51  4:48  Queen  
  51  4:49  Queen  
  51  4:50  Drone x2  
  58  5:01  Zergling x2  
  58  5:02  Zergling x8  
  58  5:06  Zergling x2  
  64  5:17  Drone x2  
  64  5:18  Drone x3  
  64  5:20  Zergling x4  
  64  5:21  Zergling x4  
  73  5:39  Baneling  
  73  5:40  Baneling  
  73  5:42  Zergling x4  
  75  5:44  Overlord x3  
  65  5:58  Zergling x12  
  65  5:59  Zergling x6  
  65  6:07  Zergling x4  
  54  6:20  Zergling x2  
  54  6:21  Zergling x2  
  54  6:24  Overlord  
  56  6:25  Zergling x2  
  51  6:32  Zergling x2  
  51  6:33  Zergling x2  
  51  6:35  Baneling x2  
  51  6:36  Baneling x3  
Show
View Real Time Build Order
Export as new Build Order

Juxtapose Terran - Winner!

Build Orders:  

Get SALT Encoding   

  12  0:01  SCV  
  13  0:13  SCV  
  14  0:20  Supply Depot  
  14  0:25  SCV  
  15  0:41  SCV  
  16  0:45  Barracks  
  16  0:47  Supply Depot  
  16  0:54  SCV  
  17  1:06  Refinery, SCV  
  18  1:18  SCV  
  19  1:20  Refinery  
  19  1:30  SCV  
  20  1:35  Marine  
  21  1:43  Orbital Command  
  21  1:52  Supply Depot  
  21  1:54  Barracks Reactor  
  21  2:08  Factory  
  21  2:11  SCV  
  22  2:23  SCV  
  23  2:30  Marine x2  
  23  2:36  SCV  
  25  2:48  Marine x2  
  27  2:58  Factory Tech Lab  
  27  3:06  Marine x2, Engineering Bay  
  29  3:15  Supply Depot  
  29  3:19  Siege Tank  
  32  3:24  Marine x2  
  34  3:29  Command Center  
  34  3:46  Marine x2  
  36  3:48  Terran Infantry Weapons Level 1  
  36  3:55  Siege Tank  
  39  4:05  Missile Turret  
  39  4:06  Marine x2  
  41  4:19  Supply Depot  
  41  4:25  Marine x2  
  41  4:27  Siege Tank  
  46  4:44  Orbital Command  
  46  4:45  Marine x2  
  48  4:59  Siege Tank  
  51  5:05  Marine x2  
  53  5:11  SCV  
  54  5:23  Marine x2, SCV  
  57  5:31  Siege Tank  
  60  5:35  SCV  
  60  5:41  Marine x2  
  63  5:59  Marine x2  
  65  6:07  SCV  
  66  6:16  Marine x2  
  68  6:20  SCV  
  69  6:34  Marine  
Tags
 
Add a new tag
Caveats
  • Supply blocks, unpowered buildings, or Contaminate may cause inaccurate times.
  • Supply counts are checked every 10 seconds.